AoeStats
← Beto41354

Hideout

510264688Analyzed
1v1 RM · 1d ago on Sep 30, 2026· 35m 51s· 2 players
Game mode
Random Map
Map size
Tiny (2 player)
Population
200
Speed
Normal
Resources
Standard
Victory
Conquest
Starting age
Dark Age
Ending age
Imperial Age
RankedLock teamsTeams togetherTeam positionsShared explorationLock speedFull tech treeHidden civsTurbo modeCheats
Victory
Defeat
🇦🇷 Turks · Argentina
605
+7
🇪🇸 Byzantines · Spain
399
-7
MrFalcon5441
10:48 Loom
12:34 Feudal Age
14:47 Double-Bit Axe
17:58 Castle Age
18:49 Wheelbarrow
19:11 Loom
28:14 Squires
34:39 Fletching
34:50 Padded Archer Armor
Beto41354
7:27 Loom
10:22 Feudal Age
10:54 Double-Bit Axe
10:58 Horse Collar
18:34 Castle Age
16:30 Stone Mining
17:08 Gold Mining
19:16 Bloodlines
22:20 Bow Saw
35:36 Imperial Age
33:47 Wheelbarrow
35:31 Scale Barding Armor
35:28 Fletching
35:50 Forging
Connection lost

Rejoining the realm…

Still unreachable

The connection could not be restored.

Session expired

The server has moved on; the page needs a fresh start.